 Dungeon Crawl Stone Soup version 0.17.0-18-gaab0e96 (webtiles) character file.

161 bart the Insei (level 5, -4/35 HPs)
             Began as a Merfolk Necromancer on Nov 11, 2015.
             Slain by an iguana (12 damage)
             ... on level 5 of the Dungeon.
             The game lasted 00:13:04 (3022 turns).

bart the Insei (Merfolk Necromancer)                Turns: 3022, Time: 00:13:04

Health: -4/35      AC:  3    Str:  9    XL:     5   Next: 42%
Magic:  8/8        EV: 13    Int: 15    God:
Gold:   191        SH:  0    Dex: 14    Spells: 2 memorised, 4 levels left

rFire  . . .     SeeInvis .       - Unarmed
rCold  . . .     Clarity  .     f - +0 robe
rNeg   . . .     SustAt   +     (no shield)
rPois  .         Gourm    .     k - +0 helmet
rElec  .         Spirit   .     (no cloak)
rCorr  .         Warding  .     (no gloves)
rMut   .         Stasis   .     (no boots)
MR     .....                    (no amulet)
Stlth  ++........               (no ring)
                                r - ring of sustain attributes

@: not resistant to hostile enchantments, unstealthy
A: change form in water, swift swim
a: no special abilities


You were on level 5 of the Dungeon.
You were not hungry.

You visited 1 branch of the dungeon, and saw 5 of its levels.

You collected 191 gold pieces.

Inventory:

Hand Weapons
 l - a +0 whip
 D - a +0 hunting sling
Missiles
 i - 40 stones (quivered)
Armour
 f - a +0 robe (worn)
 k - a +0 helmet (worn)
Jewellery
 r - a ring of sustain attributes (left hand)
Wands
 q - a wand of fire (4)
 B - a wand of fireball (5)
Scrolls
 g - 2 scrolls of identify
 h - 2 scrolls of fog {unknown}
 j - a scroll of blinking {unknown}
 m - 2 scrolls of recharging {unknown}
 n - 4 scrolls of remove curse {unknown}
 o - 2 scrolls of teleportation {unknown}
 v - a scroll of enchant armour {unknown}
 w - 2 scrolls of enchant weapon {unknown}
 y - 2 scrolls of noise {unknown}
 z - a scroll of amnesia {unknown}
 A - 2 scrolls of magic mapping {unknown}
Potions
 d - 4 potions of degeneration {unknown}
 e - 2 potions of curing
 p - a potion of ambrosia {unknown}
 s - a potion of flight {unknown}
 t - a potion of agility {unknown}
 u - 2 potions of heal wounds {unknown}
 x - a potion of poison {unknown}
Books
 b - a book of Necromancy
Comestibles
 a - a royal jelly
 c - 4 bread rations
 C - a chunk of flesh


   Skills:
 + Level 3.2 Dodging
 - Level 2.1 Stealth
 * Level 5.1 Unarmed Combat
 - Level 2.0 Spellcasting
 - Level 3.2 Necromancy


You had 4 spell levels left.
You knew the following spells:

 Your Spells              Type           Power        Failure   Level  Hunger
a - Pain                  Necr           ##..         8%          1    #......
r - Regeneration          Chrm/Necr      #.........   34%         3    ###....


Dungeon Overview and Level Annotations

Branches:
Dungeon (5/15)
 Temple: D:4-7

Altars:
Makhleb
Vehumet
Xom

Annotations:
D:3 exclusion: Ijyb, Ijyb


Message History

Aim: a jackal (heavily wounded)
You throw a stone.
The stone hits the jackal but does no damage.
The jackal is heavily wounded.
You hit the jackal.
You kill the jackal!
You see here a jackal corpse.
Throwing (i - inventory):
i - 46 stones (quivered)
Press: ? - help, Shift-Dir - straight line, f - jackal
Aim: a jackal (resting)
You throw a stone.
The stone hits the jackal but does no damage.
The jackal barks!
Throwing (i - inventory):
i - 45 stones (quivered)
Press: ? - help, Shift-Dir - straight line, f/p - jackal
Aim: a jackal You throw a stone.
The stone hits the jackal but does no damage.
Throwing (i - inventory):
i - 44 stones (quivered)
Press: ? - help, Shift-Dir - straight line, f/p - jackal
Aim: a jackal You throw a stone.
The stone barely misses the jackal.
Throwing (i - inventory):
i - 43 stones (quivered)
Press: ? - help, Shift-Dir - straight line, f/p - jackal
Aim: a jackal You throw a stone.
The stone hits the jackal but does no damage.
Throwing (i - inventory):
i - 42 stones (quivered)
Press: ? - help, Shift-Dir - straight line, f/p - jackal
Aim: a jackal You throw a stone.
The stone completely misses the jackal.
The jackal barely misses you.
You barely miss the jackal. The jackal bites you.
You closely miss the jackal. The jackal bites you.
You hit the jackal.
The jackal is almost dead.
The jackal closely misses you. The jackal bites you.
You hit the jackal.
You kill the jackal!
i - 42 stones (gained 1)
i - 43 stones (gained 1)
The iguana hisses angrily.
The iguana is too close now for your liking.
An iguana is nearby!
An iguana is nearby!
Wield which item (- for none, * to show all)? (? for menu, Esc to quit)
D - a +0 hunting sling (weapon)
Firing (i - inventory):
i - 43 stones (quivered)
Press: ? - help, Shift-Dir - straight line, f - iguana
Aim: an iguana You shoot a stone.
The stone barely misses the iguana.
The iguana hisses menacingly.
Firing (i - inventory):
i - 42 stones (quivered)
Press: ? - help, Shift-Dir - straight line, f/p - iguana
Aim: an iguana You shoot a stone.
The stone hits the iguana.
The iguana is moderately wounded.
Firing (i - inventory):
i - 41 stones (quivered)
Press: ? - help, Shift-Dir - straight line, f/p - iguana
Aim: an iguana (moderately wounded)
You shoot a stone. The stone hits the iguana.
The iguana is heavily wounded.
The iguana bites you!
You are now empty-handed.
You hit the iguana but do no damage.
The iguana is moderately wounded.
The iguana barely misses you.
You hit the iguana but do no damage.
The iguana is moderately wounded.
The iguana bites you.
You barely miss the iguana.
The iguana is moderately wounded.
The iguana bites you.
* * * LOW HITPOINT WARNING * * *
You closely miss the iguana. Your punch misses the iguana.
The iguana is moderately wounded.
You barely miss the iguana.
The iguana is moderately wounded.
The iguana bites you!
* * * LOW HITPOINT WARNING * * *
Drink which item? (? for menu, Esc to quit)
You feel better. The iguana bites you!
* * * LOW HITPOINT WARNING * * *
The iguana hisses menacingly.
The iguana barely misses you.
You see here a jackal corpse.
Drink which item? (? for menu, Esc to quit)
You feel better. The iguana bites you!
* * * LOW HITPOINT WARNING * * *
You hit the iguana.
The iguana is heavily wounded.
The iguana bites you.
* * * LOW HITPOINT WARNING * * *
You hit the iguana.
The iguana is heavily wounded.
The iguana bites you!
* * * LOW HITPOINT WARNING * * *
Drink which item? (? for menu, Esc to quit)
You feel better. The iguana bites you!
You die...

... #.............. .#...
...#.#.####.(.#((##.#...
#.#.#<#.......(.((......
...............#..#.....
#.#.#.#######..#.....# ..
#...#.# ..#.....#...
#...#.########.#........>
#..............#l.......#
#...##########.#@.....#.#
.... ............#+#.#
##. ########.#.## .# ..
#....# # ## ###..# ...#
##.# .# .#


You could see an iguana.

Vanquished Creatures
  A hound (D:5)
  5 adders
  A shadow imp (D:5)
  An ooze (D:3)
  2 worms
  4 orcs
  3 bats
  5 goblins
  11 hobgoblins
  A quokka (D:3)
  3 ball pythons (D:2)
  A giant cockroach (D:1)
  A giant gecko (D:1)
  4 giant newts
  3 jackals (D:5)
  10 kobolds
  6 rats
62 creatures vanquished.

Notes
Turn   | Place    | Note
--------------------------------------------------------------
     0 | D:1      | bart the Merfolk Necromancer began the quest for the Orb.
     0 | D:1      | Reached XP level 1. HP: 13/13 MP: 3/3
    97 | D:1      | Reached skill level 1 in Unarmed Combat
   213 | D:1      | Reached XP level 2. HP: 10/19 MP: 1/5
   307 | D:1      | Reached skill level 2 in Unarmed Combat
   615 | D:1      | Vidiiot: TeAM killed my streak :DD
   652 | D:1      | bart: tengu have hard time early on.
   739 | D:2      | Reached XP level 3. HP: 13/24 MP: 3/6
   748 | D:2      | Vidiiot: Yeah
   937 | D:2      | Learned a level 3 spell: Regeneration
  1009 | D:2      | Found a shimmering altar of Xom.
  1010 | D:2      | Found a burning altar of Makhleb.
  1016 | D:2      | Reached skill level 3 in Unarmed Combat
  1518 | D:2      | Reached skill level 4 in Unarmed Combat
  1518 | D:2      | Reached XP level 4. HP: 26/30 MP: 2/7
  1668 | D:3      | Noticed Ijyb
  2689 | D:3      | Reached XP level 5. HP: 22/35 MP: 0/8
  2767 | D:4      | Found a shimmering altar of Xom.
  2804 | D:4      | Noticed a hungry ghost
  2823 | D:5      | Entered Level 5 of the Dungeon
  2917 | D:4      | Found a radiant altar of Vehumet.
  2947 | D:5      | Reached skill level 3 in Dodging
  2969 | D:5      | Reached skill level 5 in Unarmed Combat
  3012 | D:5      | HP: 4/35 [iguana (12)]
  3021 | D:5      | HP: 3/35 [iguana (9)]
  3022 | D:5      | Slain by an iguana

Action                   |  1- 3 |  4- 6 || total
-------------------------+-------+-------++-------
Melee: Unarmed           |     7 |    56 ||    63
       Whip              |    32 |    15 ||    47
 Fire: Hunting sling     |       |     3 ||     3
Throw: Stone             |       |     9 ||     9
 Cast: Pain              |    62 |    42 ||   104
Evoke: Wand              |       |     2 ||     2
  Use: Potion            |       |     5 ||     5
       Scroll            |       |     1 ||     1
 Stab: Sleeping          |     1 |     1 ||     2
  Eat: Chunk             |     4 |     4 ||     8
       Royal jelly       |       |     1 ||     1

Vault maps used:
D:1:      dpeg_arrival_rooms_c
D:2:      grunt_temple_overflow_open, minmay_snake_closets
D:3:      uniq_iyjb
D:4:      minmay_goblin_kobold_castle, old_standard_altar, first_bread,
          xom_teletrap_fun
D:5:      minmay_temple_entry_junction, okawaru_ov_weapons_minmay, uniq_sigmund,
          uniq_edmund

Table legend:
 A = Turns spent in this place as a percentage of turns spent in the entire game.
 B = Non-inter-level travel turns spent in this place as a percentage of non-inter-level travel turns spent in the entire game.
 C = Inter-level travel turns spent in this place as a percentage of turns spent in this place.
 D = Turns resting spent in this place as a percentage of non-inter-level travel turns spent in this place.
 E = Turns spent auto-exploring this place as a percentage of non-inter-level travel turns spent in this place.
 F = Non-inter-level travel turns spent in this place divided by the number of levels of this place that you've seen.
                   A       B       C       D       E      F
               +-------+-------+-------+-------+-------+----------------------
         Total | 100.0 | 100.0 |   0.1 |   0.1 |   0.0 | 436.2
       Dungeon | 100.0 | 100.0 |   0.1 |   0.1 |   0.0 | 436.2
               +-------+-------+-------+-------+-------+----------------------

Table legend:
 A = Kills in this place as a percentage of kills in entire the game.
 B = Kills by you in this place as a percentage of kills by you in the entire game.
 C = Kills by friends in this place as a percentage of kills by friends in the entire game.
 D = Other kills in this place as a percentage of other kills in the entire game.
 E = Experience gained in this place as a percentage of experience gained in the entire game.
 F = Experience gained in this place divided by the number of levels of this place that you have seen.
                   A       B       C       D       E      F
               +-------+-------+-------+-------+-------+----------------------
         Total | 100.0 | 100.0 |  -nan |  -nan | 100.0 |  46.2
       Dungeon | 100.0 | 100.0 |  -nan |  -nan | 100.0 |  46.2
               +-------+-------+-------+-------+-------+----------------------
